 Dungeon Crawl Stone Soup version 0.20-a0-1122-gb7cbeb9 (webtiles) character file.

25 M4edhros the Grave Robber (level 3, -3/21 HPs)
             Began as an Octopode Necromancer on May 11, 2017.
             Slain by an adder (4 damage)
             ... on level 2 of the Dungeon.
             The game lasted 00:01:09 (164 turns).

M4edhros the Grave Robber (Octopode Necromancer)     Turns: 164, Time: 00:01:10

Health: -3/21      AC:  1    Str:  7    XL:     3   Next: 4%
Magic:  1/6        EV: 14    Int: 17    God:
Gold:   10         SH:  0    Dex: 13    Spells: 1/6 levels left

rFire    . . .     SeeInvis .     - Unarmed
rCold    . . .     Gourm    .   (no shield)
rNeg     . . .     Faith    .   (helmet restricted)
rPois    .         Spirit   .   (no amulet)
rElec    .         Reflect  .   d - +1 ring of evasion
rCorr    .         Harm     .   (no ring)
MR       .....                  (no ring)
Stlth    +++.......             (no ring)
Regen    0.1/turn               (no ring)
MPRegen  0.1/turn               (no ring)
                                (no ring)
                                (no ring)

@: lethally poisoned (-3 -> -5)
A: almost no armour, stealthy swim, amphibious, 8 rings, constrict 8, camouflage
1, gelatinous body 1
a: no special abilities


You were on level 2 of the Dungeon.
You were not hungry.

You visited 1 branch of the dungeon, and saw 2 of its levels.

You collected 10 gold pieces.

Inventory:

Jewellery
 d - a +1 ring of evasion (left tentacle)
Scrolls
 c - a scroll of recharging {unknown}
Books
 a - a book of Necromancy

   Spells                             Type                      Level
   a - Pain                           Necromancy                   1
   b - Animate Skeleton               Necromancy                   1
   c - Vampiric Draining              Necromancy                   3
   d - Regeneration                   Charms/Necromancy            3
   e - Animate Dead                   Necromancy                   4
   f - Control Undead                 Necromancy                   4
Comestibles
 b - 2 bread rations
 f - a chunk of flesh


   Skills:
 - Level 2.0 Dodging
 - Level 2.6 Stealth
 + Level 2.5 Unarmed Combat
 - Level 2.0 Spellcasting
 - Level 4.0 Necromancy


You had one spell level left.
You knew the following spells:

 Your Spells              Type           Power        Failure   Level  Hunger
a - Pain                  Necr           ###.         3%          1    #......
b - Animate Skeleton      Necr           N/A          3%          1    #......
c - Regeneration          Chrm/Necr      #.........   26%         3    ###....


Dungeon Overview and Level Annotations

Branches:
Dungeon (2/15)

Altars:
Dithmenos


Innate Abilities, Weirdness & Mutations

You cannot wear most types of armour.
You are very stealthy in the water. (Stealth+)
You are amphibious.
You can wear up to eight rings at the same time.
You can use your tentacles to constrict eight enemies at once.
Your skin changes colour to match your surroundings (Stealth+).
Your rubbery body absorbs attacks. (AC +1, EV +1)


Message History

Your skin stops crawling.
You closely miss the adder. Your grab misses the adder.
Your squeeze misses the adder.
The adder is moderately wounded.
The adder bites you.
* * * LOW HITPOINT WARNING * * *
You miss the adder. Your grab misses the adder.
The adder is moderately wounded.
The adder misses you.
Unknown command.
You tentacle-slap the adder. Your grab misses the adder.
The adder is heavily wounded.
* * * LOW HITPOINT WARNING * * *
You feel sick. The adder misses you.
Unknown command.
You tentacle-slap the adder but do no damage.
Your grab misses the adder.
The adder is heavily wounded.
The adder bites you.
You die...

.?....# #. .....8
#######. ....## .....)..
#...##. ######.
##...##.#########....
#⌠...⌠#..............
#...####.#######(###
#..S##8#.# ###...#
#..@.....# #....###.
#8........# ##.......
##........####.#.##.#
##8###8###.........#
###########...##......#
##..............#......#
#................#######
#..............[.#
#.)..............#


You could see an adder.

Vanquished Creatures
  An adder (D:2)
  2 oozes (D:2)
  A bat (D:2)
  2 hobgoblins
  A frilled lizard (D:1)
  A kobold (D:2)
8 creatures vanquished.

Vanquished Creatures (collateral kills)
  A rat (D:2)
1 creature vanquished.

Grand Total: 9 creatures vanquished

Notes
Turn   | Place    | Note
-------+----------+-------------------------------------------
     0 | D:1      | M4edhros the Octopode Necromancer began the quest for the Orb.
     0 | D:1      | Reached XP level 1. HP: 11/11 MP: 3/3
    43 | D:2      | Reached skill level 1 in Unarmed Combat
    53 | D:2      | Reached XP level 2. HP: 13/17 MP: 0/5
    54 | D:2      | Found a shadowy altar of Dithmenos.
    93 | D:2      | Learned a level 1 spell: Animate Skeleton
   110 | D:2      | Reached XP level 3. HP: 9/21 MP: 2/6
   124 | D:2      | Learned a level 3 spell: Regeneration
   163 | D:2      | HP: 1/21 [poisoned by an adder]
   164 | D:2      | Slain by an adder

Vault maps used:
D:1:      dpeg_arrival_arbitrary_c
D:2:      led_sif_pool, serial_corexii_hall, corexii_hall_statues_i,
          corexii_hall_statues_u, corexii_hall_statues_x,
          corexii_hall_statues_s, nicolae_dithmenos_shadow_blocks

Skill      XL: |  1  2 |
---------------+-------+-----
Unarmed Combat | 1 2 |  2.5
Dodging        | |  2.0
Stealth        | |  2.6
Spellcasting   | |  2.0
Necromancy     | |  4.0

Action                   || total
-------------------------++-------
Melee: Unarmed           ||    14
       Constrict         ||     1
       Tentacles         ||     2
 Cast: Pain              ||     9
       Animate Skeleton  ||     1
       Regeneration      ||     1
  Use: Potion            ||     1
 Stab: Sleeping          ||     1
Dodge: Dodged            ||     7
